 Dungeon Crawl Stone Soup version 0.30-a0-722-g3e6e8c874d (webtiles) character file.

Game seed: 1374153246811628506

88 jimonade the Covert (level 4, 0/26 HPs)
             Began as a Vampire Brigand on Jan 28, 2023.
             Slain by a goblin
             ... wielding a +0 dagger
             ... led by Robin
              (2 damage)
             ... on level 3 of the Dungeon.
             The game lasted 00:03:35 (1426 turns).

jimonade the Covert (Vampire Brigand)               Turns: 1426, Time: 00:03:35

Health: 0/26       AC:  3    Str: 10    XL:     4   Next: 30%
Magic:  4/4        EV: 12    Int: 13    God:
Gold:   135        SH:  0    Dex: 17    Spells: 3/3 levels left

rFire   . . .      SeeInvis +    b - +0 dagger (venom)
rCold   + + .      Faith    .    (no shield)
rNeg    + + +      Spirit   .    r - +0 robe
rPois   ∞          Reflect  .    (no helmet)
rElec   .          Harm     .    c - +0 cloak
rCorr   .          Rampage  .    (no gloves)
Will    .....                    (no boots)
Stlth   ++++++                   (no amulet)
HPRegen 0.00/turn                (no ring)
MPRegen 0.09/turn                (no ring)

@: bloodless, inhibited regen
A: bloodless, fangs 3, see invisible, vampiric 2
a: Bat Form, Revivify


You were on level 3 of the Dungeon.
You visited 1 branch of the dungeon, and saw 3 of its levels.

You collected 135 gold pieces.

Inventory:

Hand Weapons
 a - a +2 dagger
 b - a +0 dagger of venom (weapon)
Missiles
 d - 15 poisoned darts (quivered)
 e - 3 curare-tipped darts
Armour
 c - a +0 cloak (worn)
 g - a +0 leather armour
 j - a +0 ring mail
 r - a +0 robe (worn)
Scrolls
 f - 4 scrolls of teleportation {unknown}
 i - 6 scrolls of identify {unknown}
 m - a scroll of immolation {unknown}
 n - a scroll of magic mapping {unknown}
 o - a scroll of enchant armour {unknown}
 p - a scroll of vulnerability {unknown}
Potions
 h - a potion of might {unknown}
 k - a potion of lignification {unknown}
 l - a potion of heal wounds {unknown}
 q - a potion of brilliance {unknown}


   Skills:
 + Level 2.1 Fighting
 + Level 2.4 Short Blades
 + Level 1.9 Throwing
 + Level 1.3 Dodging
 + Level 8.0 Stealth


You had 3 spell levels left.
You didn't know any spells.
Your spell library contained the following spells:

 Spells                   Type           Power      Damage    Failure   Level
 Apportation              Tloc           0%         N/A       30%         1
 Summon Small Mammal      Summ           0%         N/A       30%         1
 Call Canine Familiar     Summ           0%         N/A       67%         3
 Summon Guardian Golem    Hex/Summ       0%         N/A       67%         3
 Alistair's Intoxication  Tmut/Pois      0%         N/A       100%        5


Dungeon Overview and Level Annotations

Branches:
Dungeon (3/15)

Altars:
Hepliaklqana

Shops:
D:2 (


Innate Abilities, Weirdness & Mutations

You do not regenerate when monsters are visible.
You are frail without blood (-20% HP).
You can heal yourself when you bite living creatures.
You are immune to poison.
You have razor-sharp teeth.
You have supernaturally acute eyesight. (SInv)
You are afflicted with vampirism and can become a bat while bloodless.


Message History

a +0 club; a goblin corpse
There are monsters nearby!
Robin shouts!
The goblin shouts!
The kobold shouts!
You hit Robin but do no damage.
Robin is poisoned.
You bite Robin, but do no damage.
Robin roars a battlecry!
The goblin goes into a battle-frenzy!
You closely miss Robin. You hit Robin but do no damage.
Robin looks as sick as possible!
Your bite misses Robin.
Robin is lightly wounded.
The kobold barely misses you. Robin closely misses you.
You hit Robin.
Robin looks as sick as possible!
Robin is moderately wounded.
The kobold hits you but does no damage. Robin throws the goblin at you!
You hit Robin.
Robin is heavily wounded.
The kobold hits you with a +0 dagger. The goblin hits you but does no damage.
Robin hits you with a +0 club.
You hit Robin but do no damage.
Robin looks as sick as possible!
Robin is severely wounded.
Robin says, "A pitiful Vampire like you will never find the ORB!"
Robin hits you with a +0 club. The kobold hits you with a +0 dagger.
The goblin hits you with a +0 dagger.
You hit Robin but do no damage.
Robin is almost dead.
Robin closely misses you. The kobold closely misses you.
The goblin hits you with a +0 dagger.
* * * LOW HITPOINT WARNING * * *
You hit Robin but do no damage.
Robin is almost dead.
You kill Robin!
The goblin hits you with a +0 dagger.
* * * LOW HITPOINT WARNING * * *
The kobold hits you but does no damage.
Your Stealth skill increases to level 8!
You hit the goblin.
The goblin is heavily wounded.
The goblin hits you with a +0 dagger.
You die...

#.......# #.......#
############.#.#####
...........))#.#
###########.##..
.#######)#####
........).#
#########)#
#...)@..#.#
#...K.g.#(#
#.......#)#
#.^..._.....#
#.#.......#.# #
#.......#.#
#.......#..
#########..# ...#


You could see a goblin (strong) and a kobold.

Vanquished Creatures
  An orc wizard (D:3)
  Robin (D:3)
  An adder (D:3)
  4 orcs (D:3)
  3 bats (D:1)
  4 giant cockroaches
  9 goblins
  5 hobgoblins
  A quokka (D:2)
  A frilled lizard (D:2)
  5 kobolds
  A rat (D:1)
36 creatures vanquished.

Notes
Turn   | Place    | Note
-------+----------+-------------------------------------------
     0 | D:1      | jimonade the Vampire Brigand began the quest for the Orb.
     0 | D:1      | Reached XP level 1. HP: 16/16 MP: 1/1
    38 | D:1      | Reached skill level 6 in Stealth
   365 | D:1      | Reached XP level 2. HP: 17/17 MP: 2/2
   697 | D:2      | Found Zaufalas's Weapon Shoppe.
  1217 | D:3      | Reached skill level 7 in Stealth
  1217 | D:3      | Gained mutation: You are afflicted with vampirism and can
                  | become a bat while bloodless. [Vampire growth]
  1217 | D:3      | Reached XP level 3. HP: 21/21 MP: 3/3
  1250 | D:3      | Found a hazy altar of Hepliaklqana.
  1270 | D:3      | Reached XP level 4. HP: 24/26 MP: 4/4
  1319 | D:3      | Noticed Robin
  1425 | D:3      | Killed Robin
  1426 | D:3      | Reached skill level 8 in Stealth
  1426 | D:3      | Slain by a goblin

Illustrated notes

Levels and vault maps discovered:
D:1:      dpeg_arrival_boxorama, layout_rooms
D:2:      layout_loops_ring, serial_shops, shop
D:3:      layout_basic, lemuel_tele_altar, uniq_robin, uniq_jessica, uniq_ijyb

Skill      XL: |  1  2  3  4 |
---------------+-------------+-----
Stealth        | 6 7 8 |  8.0
Fighting       | 2 |  2.1
Short Blades   | |  2.4
Throwing       | |  1.9
Dodging        | |  1.3

Action                     |  1- 3 |  4- 6 || total
---------------------------+-------+-------++-------
  Melee: Dagger            |    74 |    30 ||   104
         Bite              |     4 |     2 ||     6
Ability: Exsanguinate      |     1 |       ||     1
   Stab: Sleeping          |    13 |       ||    13
         Distracted        |       |     1 ||     1
 Armour: Robe              |    18 |     9 ||    27
  Dodge: Dodged            |    30 |    15 ||    45

Table legend: (Time is in decaauts)
 A = Elapsed time spent in this place.
 B = Non-inter-level travel time spent in this place.
 C = Inter-level travel time spent in this place.
 D = Time resting spent in this place.
 E = Time spent auto-exploring this place.
 F = Levels seen in this place.
 G = Mean time per level.
                   A        B        C        D        E       F      G
               +--------+--------+--------+--------+--------+-----+--------+
         Total |   1414 |   1299 |    115 |     28 |    899 |   3 |  471.3 |
       Dungeon |   1414 |   1299 |    115 |     28 |    899 |   3 |  471.3 |
               +--------+--------+--------+--------+--------+-----+--------+

Top non-repeatable levels by time:
     D:2: 675 daAuts
     D:1: 563 daAuts
     D:3: 176 daAuts
